Map: Orbital Shipyard

Players

Bop

  • Race: Terran Terran

Probe - Winner!

  • Race: Protoss Protoss

VOD

Have the link to the VOD?

Description

Time

  • Played on: May 4, 2015, 1:54 a.m.
  • Length: 15:41
Show
View Real Time Build Order
Export as new Build Order

Bop Terran 

Build Orders: Reaper Expand, MMM Bio 

Get SALT Encoding   

  12  0:01  SCV  
  13  0:13  SCV  
  14  0:25  SCV  
  14  0:26  Supply Depot  
  15  0:46  Refinery  
  15  0:48  SCV  
  15  0:49  Barracks  
  16  1:00  SCV  
  17  1:12  SCV  
  18  1:24  SCV  
  19  1:32  Command Center  
  19  1:37  Reaper  
  20  1:44  Orbital Command  
  20  2:01  Supply Depot  
  20  2:10  SCV, Reaper  
  22  2:22  SCV  
  23  2:27  Barracks  
  23  2:28  Barracks  
  23  2:34  SCV  
  24  2:43  Barracks Reactor  
  24  2:47  Orbital Command  
  24  2:54  SCV  
  25  3:06  SCV, Engineering Bay  
  26  3:18  SCV  
  26  3:22  Barracks Tech Lab x2, Marine x2  
  26  3:25  SCV  
  29  3:31  SCV  
  29  3:32  Terran Infantry Weapons Level 1, Supply Depot  
  29  3:33  Refinery  
  30  3:40  Marine x2  
  30  3:41  Stimpack, Marine x2  
  32  3:44  SCV x2  
  36  3:56  SCV x2  
  36  3:58  Marine  
  36  3:59  Marine x3  
  42  4:05  Missile Turret x2  
  42  4:08  SCV x2  
  44  4:15  Supply Depot  
  44  4:16  Marine  
  45  4:20  SCV x2  
  45  4:22  Factory  
  47  4:27  Combat Shields  
  47  4:29  Marine x2  
  47  4:30  Marine  
  50  4:32  SCV x2  
  50  4:36  Marine  
  53  4:44  SCV x2  
  55  4:46  Supply Depot  
  55  4:47  Marine x2  
  55  4:48  Supply Depot  
  55  4:50  Marauder  
  59  4:54  Marine  
  59  4:56  SCV  
  59  4:57  SCV  
  62  5:01  Supply Depot  
  62  5:07  Marine  
  62  5:08  Supply Depot, SCV, Marauder  
  62  5:09  Starport, Factory Reactor  
  66  5:14  Marauder, Marine  
  66  5:19  SCV  
  66  5:21  SCV  
  71  5:27  Marine  
  72  5:29  Marauder  
  72  5:32  Marine  
  74  5:36  Marauder  
  74  5:37  SCV x2  
  74  5:40  Command Center  
  74  5:42  Supply Depot, Concussive Shells  
  78  5:54  Marine x2  
  78  5:55  Marauder, Widow Mine x2  
  86  5:57  Marauder  
  88  6:06  Missile Turret  
  88  6:09  Medivac  
  88  6:10  SCV x2  
  92  6:12  Refinery x2  
  92  6:14  Supply Depot  
  92  6:15  Supply Depot  
  92  6:22  SCV  
  93  6:26  Marauder, Marine x2  
  93  6:27  Marauder, Widow Mine  
  93  6:32  Barracks  
  101  6:33  Barracks  
  101  6:35  Widow Mine  
  103  6:44  Marine x2  
  105  6:48  Supply Depot, Marauder x2  
  105  6:52  Supply Depot  
  101  7:02  Marine  
  101  7:04  Marine  
  103  7:09  Marauder x2  
  107  7:16  SCV x2  
  107  7:17  SCV  
  107  7:19  Barracks Reactor  
  107  7:20  Marine  
  111  7:28  Barracks Tech Lab  
  111  7:30  Orbital Command  
  111  7:31  Marauder  
  98  7:50  Marauder x2, Widow Mine x2, Marine x2  
  99  7:52  Marauder  
  98  8:04  Marine  
  98  8:05  Marine  
  92  8:07  SCV x3  
  92  8:08  Marine  
  92  8:12  Marauder x2  
  92  8:13  Marauder  
  92  8:18  Starport Reactor  
  92  8:19  Widow Mine x2  
  93  8:20  Terran Infantry Armor Level 1  
  93  8:22  Marine  
  93  8:23  Starport  
  94  8:33  Marauder x2  
  96  8:38  Armory  
  96  8:39  Orbital Command  
  96  8:40  Marine  
  97  8:47  Refinery  
  93  8:50  Missile Turret  
  93  8:51  Marauder, Marine x3  
  93  8:52  Refinery  
  93  8:54  Marauder  
  100  8:55  Widow Mine  
  100  9:00  Marine  
  100  9:01  Marauder  
  105  9:13  Marauder  
  107  9:21  Marauder, Marine x2  
  107  9:22  Marauder  
  95  9:35  Marauder, Marine x2  
  95  9:36  Viking x3  
  88  9:39  Marine x2  
  88  9:43  Marauder x2  
  88  9:45  Widow Mine x2  
  82  9:47  Bunker x2  
  82  9:48  Missile Turret  
  82  9:49  Bunker  
  86  9:57  Marauder  
  86  9:59  Marine x3  
  89  10:00  Marine  
  89  10:02  SCV  
  89  10:03  SCV x2  
  89  10:04  Marauder  
  89  10:05  Marauder  
  89  10:06  Viking, Medivac  
  89  10:07  Terran Vehicle and Ship Weapons Level 1  
  103  10:13  Widow Mine  
  103  10:14  Widow Mine  
  103  10:18  Marauder  
  109  10:22  Marine x4  
  109  10:25  Marauder  
  109  10:26  Marauder  
  117  10:38  Viking  
  117  10:39  Marauder  
  117  10:40  Marine x3  
  117  10:42  Widow Mine x2  
  124  10:47  Marauder x2  
  132  10:56  Marine  
  133  10:58  Marine  
  133  11:00  Barracks  
  133  11:01  Command Center, Barracks x2, Marauder  
  133  11:02  Viking x2  
  140  11:06  Terran Infantry Weapons Level 2  
  140  11:08  Viking  
  142  11:13  Marine x2  
  142  11:14  Marauder x2, Marine  
  149  11:26  Marine  
  149  11:27  Marauder  
  149  11:31  Marine  
  125  11:35  Marauder  
  125  11:38  Marauder, Marine x2  
  119  11:44  Marine  
  113  11:47  Medivac  
  113  11:48  Marauder, Viking, Medivac  
  115  11:56  Marauder  
  115  11:57  Barracks Reactor, Marine x2  
  115  11:59  Marauder  
  93  12:10  Marine, Marauder  
  88  12:17  Barracks Tech Lab, Viking, Medivac  
  88  12:18  Barracks Reactor, Marauder  
  88  12:21  Marauder  
  96  12:24  Marine  
  96  12:25  Widow Mine, Marine  
  99  12:31  Marauder  
  99  12:36  Marauder, Marine  
  102  12:39  Marauder  
  102  12:42  Marauder  
  105  12:50  Marine  
  103  12:52  Marauder  
  103  12:56  Marine x3  
  103  12:57  Marauder  
  104  13:06  Viking  
  106  13:15  Marauder x2  
  106  13:16  Marauder  
  106  13:41  Marauder x4, Marine x2  
  98  14:04  Marine x3  
  101  14:13  Missile Turret  
  98  14:21  Marauder x2, Marine  
  84  14:31  Marauder, Marine  
  63  14:35  Marine  
  63  14:36  Marine  
  60  14:48  Marine, Marauder x2  
  65  14:56  Marauder x2  
  69  15:03  Marine x2  
  71  15:09  Marauder  
  73  15:15  Missile Turret  
  73  15:28  Missile Turret  
Show
View Real Time Build Order
Export as new Build Order

Probe Protoss - Winner!

Build Orders: Blink Stalkers 

Get SALT Encoding   

  12  0:01  Probe  
  13  0:13  Pylon  
  13  0:18  Probe  
  14  0:32  Probe (Chrono Boost)  
  15  0:36  Gateway  
  15  0:42  Probe (Chrono Boost)  
  16  0:49  Probe  
  17  0:50  Assimilator  
  17  1:01  Probe (Chrono Boost)  
  17  1:02  Pylon  
  19  1:13  Probe (Chrono Boost)  
  19  1:19  Probe (Chrono Boost)  
  20  1:26  Cybernetics Core  
  20  1:30  Probe (Chrono Boost)  
  23  1:42  Probe (Chrono Boost)  
  24  1:49  Nexus  
  22  1:57  Assimilator  
  22  2:02  Mothership Core (Chrono Boost)  
  24  2:09  Pylon  
  24  2:21  Warp Gate  
  24  2:24  Probe (Chrono Boost)  
  25  2:32  Probe (Chrono Boost)  
  25  2:34  Stalker  
  28  2:41  Probe  
  28  2:53  Probe, Twilight Council  
  29  3:03  Probe  
  29  3:04  Stalker  
  29  3:05  Probe  
  33  3:16  Probe (Chrono Boost)  
  33  3:19  Probe (Chrono Boost)  
  36  3:28  Probe (Chrono Boost)  
  36  3:29  Blink  
  36  3:30  Probe (Chrono Boost)  
  37  3:35  Probe (Chrono Boost)  
  37  3:36  Probe (Chrono Boost)  
  39  3:45  Probe (Chrono Boost)  
  39  3:48  Probe (Chrono Boost)  
  41  3:52  Gateway x2  
  41  3:56  Robotics Facility  
  41  3:57  Probe (Chrono Boost)  
  41  4:00  Probe (Chrono Boost)  
  43  4:06  Probe (Chrono Boost)  
  43  4:08  Probe (Chrono Boost)  
  45  4:11  Pylon  
  45  4:14  Probe (Chrono Boost), Assimilator x2  
  46  4:23  Probe (Chrono Boost)  
  48  4:24  Probe (Chrono Boost)  
  48  4:26  Pylon  
  48  4:29  Probe (Chrono Boost)  
  50  4:31  Probe  
  50  4:40  Stalker  
  50  4:41  Probe  
  50  4:44  Observer (Chrono Boost)  
  54  4:49  Stalker x2  
  54  4:50  Dark Shrine  
  58  4:55  Probe x2  
  60  5:00  Pylon  
  60  5:02  Forge  
  60  5:04  Forge, Warp Prism (Chrono Boost)  
  62  5:12  Robotics Bay  
  62  5:19  Stalker  
  64  5:21  Probe  
  64  5:22  Probe  
  66  5:33  Probe  
  67  5:38  Gateway x2  
  67  5:39  Protoss Ground Armor Level 1 (Chrono Boost)  
  67  5:40  Protoss Ground Weapons Level 1 (Chrono Boost)  
  67  6:02  Nexus  
  67  6:07  Dark Templar x2  
  70  6:17  Colossus (Chrono Boost), Pylon  
  76  6:19  Pylon  
  76  6:27  Pylon  
  76  6:33  Pylon  
  76  6:34  Pylon  
  76  6:37  Sentry, Zealot x2  
  82  6:42  Zealot  
  82  6:43  Zealot  
  86  6:56  Colossus (Chrono Boost)  
  92  7:08  Extended Thermal Lance  
  88  7:11  Zealot x5  
  98  7:18  Probe x2  
  101  7:22  Probe  
  101  7:25  Charge (Chrono Boost)  
  101  7:30  Probe x2  
  101  7:35  Probe  
  92  7:38  Zealot x3  
  92  7:39  Zealot  
  92  7:42  Probe x2  
  96  7:49  Zealot  
  84  7:56  Probe  
  83  8:06  Stalker x2  
  83  8:07  Stalker x2  
  83  8:10  Observer (Chrono Boost)  
  86  8:16  Probe  
  86  8:17  Probe x2  
  83  8:24  Pylon  
  83  8:30  Colossus (Chrono Boost)  
  83  8:32  Gateway  
  89  8:34  Gateway  
  89  8:36  Gateway  
  89  8:39  Sentry, Zealot x4  
  97  8:46  Probe  
  98  9:01  Stalker x3  
  98  9:02  Nexus, Zealot x2  
  110  9:22  Disruptor (Chrono Boost)  
  110  9:23  Zealot x2  
  106  9:27  Zealot x3  
  108  9:34  Nexus  
  108  9:51  Photon Cannon  
  112  9:55  Protoss Ground Armor Level 2 (Chrono Boost), Zealot x2  
  112  9:58  Disruptor (Chrono Boost)  
  116  10:02  Protoss Ground Weapons Level 2 (Chrono Boost)  
  116  10:06  Pylon  
  116  10:11  Pylon  
  116  10:25  Templar Archives  
  114  10:28  Pylon  
  114  10:33  Pylon  
  114  10:35  Zealot x3  
  116  10:36  Zealot x3  
  126  10:49  Assimilator  
  126  10:50  Assimilator  
  126  10:53  Psionic Storm  
  126  10:54  Observer  
  126  10:55  Disruptor x2  
  127  11:08  Pylon, High Templar  
  129  11:12  High Templar  
  129  11:18  Disruptor, Pylon  
  129  11:19  Zealot x2  
  129  11:20  Zealot x3  
  121  11:38  Zealot  
  101  11:41  Archon  
  101  11:43  Stalker x4  
  95  12:04  Observer  
  84  12:09  Zealot x4  
  84  12:10  Zealot x2  
  92  12:17  Stalker x2  
  96  12:23  Gateway  
  96  12:24  Gateway  
  96  12:26  Gateway x3  
  96  12:27  Colossus (Chrono Boost)  
  102  12:33  Dark Templar x2  
  102  12:35  Stalker x2  
  110  12:43  Stalker x2  
  114  12:45  High Templar x2  
  116  13:01  Zealot x2  
  118  13:07  Stalker x2  
  118  13:09  Zealot x2  
  126  13:18  Zealot x2  
  136  13:20  Colossus (Chrono Boost)  
  132  13:33  Stalker x2  
  132  13:34  Stalker x2  
  132  13:46  Zealot  
  132  13:47  Zealot x6  
  145  13:49  Photon Cannon  
  145  13:52  Assimilator  
  143  13:58  Dark Templar, Assimilator  
  143  13:59  Dark Templar  
  121  14:28  Stalker x4  
  125  14:34  Zealot x5  
  125  14:35  Zealot x3  
  140  14:52  Disruptor (Chrono Boost)  
  144  14:53  High Templar  
  146  15:02  Zealot x6  
  146  15:03  Zealot  
  146  15:06  High Templar  
Tags
 
Add a new tag
Caveats
  • Supply blocks, unpowered buildings, or Contaminate may cause inaccurate times.
  • Supply counts are checked every 10 seconds.